 Dungeon Crawl Stone Soup version 0.30-a0-177-g1cb5dbfd7a (webtiles) character file.

Game seed: 17696893471176640322

326 LnG the Sneak (level 6, -3/34 HPs)
             Began as a Kobold Summoner on Oct 2, 2022.
             Slain by an ice beast (10 damage)
             ... on level 5 of the Dungeon.
             The game lasted 00:09:25 (3862 turns).

LnG the Sneak (Kobold Summoner)                     Turns: 3862, Time: 00:09:26

Health: -3/34      AC:  4    Str: 11    XL:     6   Next: 79%
Magic:  6/11       EV: 15    Int: 19    God:
Gold:   111        SH:  0    Dex: 15    Spells: 2/11 levels left

rFire   . . .      SeeInvis .    m - +0 dagger (venom)
rCold   . . .      Faith    .    (no shield)
rNeg    . . .      Spirit   .    a - +0 robe
rPois   .          Reflect  .    n - +0 helmet
rElec   .          Harm     .    h - +0 cloak
rCorr   .          Rampage  .    (no gloves)
Will    .....                    (no boots)
Stlth   +++++.....               (no amulet)
HPRegen 0.25/turn                r - +6 ring of strength
MPRegen 0.12/turn                (no ring)

@: no status effects
A: small, no large weapons, nightstalker 3, camouflage 1, no potion heal 1
a: no special abilities


You were on level 5 of the Dungeon.
You visited 1 branch of the dungeon, and saw 5 of its levels.

You collected 111 gold pieces.

Inventory:

Hand Weapons
 m - a +0 dagger of venom (weapon)
Armour
 a - a +0 robe (worn)
 h - a +0 cloak (worn)
 n - a +0 helmet (worn)
Jewellery
 g - an amulet of faith
 r - a +6 ring of strength (left hand)
Scrolls
 f - a scroll of immolation
 i - a scroll of noise
 j - a scroll of blinking
 k - a scroll of amnesia {unknown}
Potions
 b - a potion of magic
 c - a potion of berserk rage {unknown}
 d - 2 potions of might
 e - 4 potions of curing
 l - a potion of mutation
 o - a potion of ambrosia {unknown}
 q - a potion of flight {unknown}
 s - a potion of cancellation {unknown}


   Skills:
 + Level 1.4 Fighting
 + Level 2.1 Short Blades
 + Level 3.3 Dodging
 + Level 5.6 Stealth
 + Level 3.4 Spellcasting
 + Level 5.1 Summonings


You had 2 spell levels left.
You knew the following spells:

 Your Spells              Type           Power      Damage    Failure   Level
a - Summon Small Mammal   Summ           88%        N/A       1%          1
b - Call Imp              Summ           22%        N/A       2%          2
c - Call Canine Familiar  Summ           22%        N/A       5%          3
d - Summon Guardian Gole  Hex/Summ       13%        N/A       16%         3

Your spell library contained the following spells:

 Spells                   Type           Power      Damage    Failure   Level
 Sandblast                Erth           6%         2d5       14%         1
 Slow                     Hex            12%        N/A       14%         1
 Passwall                 Tmut/Erth      2%         N/A       22%         2
 Confusing Touch          Hex            3%         N/A       41%         3
 Stone Arrow              Conj/Erth      6%         3d7       41%         3
 Vampiric Draining        Necr           3%         2d6       41%         3
 Summon Lightning Spire   Summ/Air       13%        N/A       45%         4


Dungeon Overview and Level Annotations

Branches:
Dungeon (5/15)
 Temple: D:4-7

Altars:

Shops:
D:2 [


Innate Abilities, Weirdness & Mutations

You are small and have problems with some larger weapons.
You are completely attuned to the shadows.
Your skin changes colour to match your surroundings (Stealth+).
Potions are less effective at restoring your health.


Message History

Casting: Call Canine Familiar (dangerous; 5% risk of failure)
Confirm with . or Enter, or press ? or * to list all spells.
You don't know that spell.
The ice beast attacks as you move away!
The ice beast hits you but does no damage.
The ice beast attacks as you move away! The ice beast closely misses you.
Casting: Call Canine Familiar (dangerous; 5% risk of failure)
Confirm with . or Enter, or press ? or * to list all spells.
The ice beast hits you but does no damage.
Casting: Call Canine Familiar (dangerous; 5% risk of failure)
Confirm with . or Enter, or press ? or * to list all spells.
A beastly little devil appears in a puff of frigid air.
Your hound bites the ice beast but does no damage.
The ice beast hits you but does no damage.
You swap places.
Your hound barely misses the ice beast.
Your hound closely misses the ice beast.
The ice beast hits you. The ice beast freezes you!
You hit the ice beast but do no damage. Your punch misses the ice beast.
Your hound bites the ice beast.
You completely miss the ice beast.
The ice beast is lightly wounded.
The ice beast hits you but does no damage.
Your hound closely misses the ice beast.
You barely miss the ice beast.
The ice beast is lightly wounded.
Your hound bites the ice beast but does no damage.
The ice beast barely misses you.
Your white imp hits the ice beast but does no damage.
Your hound bites the ice beast.
You hit the ice beast but do no damage.
The ice beast is lightly wounded.
The ice beast hits you. The ice beast freezes you!
* * * LOW HITPOINT WARNING * * *
Your white imp hits the ice beast but does no damage.
Your hound bites the ice beast.
Your hound completely misses the ice beast.
The ice beast hits you.
* * * LOW HITPOINT WARNING * * *
The ice beast freezes you!
You die...

###'#+#.###
...........#
........##.#
........##.#
........##.#
###.......#
#.#######
###.###
#.@h5.#
#..Y..#
#.....#
#.....#
#.....####
###.......
...........
...#.....>!
...#.......


You could see an ice beast (ally target), a friendly hound (summoned) and a
friendly white imp (summoned).

Vanquished Creatures
  A hound (D:4)
  A jelly (D:3)
  Jessica (D:3)
  6 adders
  3 worms
  2 dart slugs
  An orc (D:3)
  5 bats
  4 endoplasms
  2 giant cockroaches (D:3)
  2 goblins (D:2)
  A hobgoblin (D:2)
  4 kobolds
  2 quokkas
  2 ball pythons
  4 frilled lizards
  2 rats (D:1)
43 creatures vanquished.

Vanquished Creatures (collateral kills)
  A phantom (D:4)
  Robin (D:2)
  An adder (D:3)
  A worm (D:3)
  4 dart slugs
  A giant cockroach (D:1)
  8 goblins
  5 hobgoblins
  3 kobolds
  3 ball pythons
  2 frilled lizards (D:1)
  2 rats (D:1)
32 creatures vanquished.

Grand Total: 75 creatures vanquished

Notes
Turn   | Place    | Note
-------+----------+-------------------------------------------
     0 | D:1      | LnG the Kobold Summoner began the quest for the Orb.
     0 | D:1      | Reached XP level 1. HP: 10/10 MP: 3/3
    84 | D:1      | Reached XP level 2. HP: 15/15 MP: 5/5
    87 | D:1      | Learned a level 2 spell: Call Imp
   120 | D:1      | Noticed an eye of devastation
   121 | D:1      | Found a faded altar of an unknown god.
   121 | D:1      | Noticed a shining eye
   124 | D:1      | Noticed a floating eye
   124 | D:1      | Noticed a great orb of eyes
   464 | D:1      | Reached XP level 3. HP: 8/19 MP: 3/6
   468 | D:1      | Learned a level 3 spell: Call Canine Familiar
  1477 | D:2      | Reached XP level 4. HP: 24/24 MP: 6/8
  1851 | D:2      | Noticed Robin
  1898 | D:2      | Killed Robin
  1951 | D:2      | Found Faupem's Antique Armour Shoppe.
  2553 | D:3      | Reached XP level 5. HP: 24/28 MP: 5/9
  2566 | D:3      | Learned a level 3 spell: Summon Guardian Golem
  2646 | D:3      | Reached skill level 1 in Short Blades
  2750 | D:3      | Noticed Jessica
  2754 | D:3      | Killed Jessica
  2755 | D:3      | Reached skill level 5 in Summonings
  2829 | D:3      | Reached skill level 1 in Fighting
  3079 | D:3      | Reached XP level 6. HP: 33/34 MP: 7/10
  3212 | D:4      | Reached skill level 5 in Stealth
  3777 | D:4      | Gained mutation: Potions are less effective at restoring
                  | your health. [potion of mutation]
  3777 | D:4      | Gained mutation: Your skin changes colour to match your
                  | surroundings (Stealth+). [potion of mutation]
  3791 | D:5      | Entered Level 5 of the Dungeon
  3844 | D:5      | Noticed an ice beast
  3862 | D:5      | Slain by an ice beast

Illustrated notes

Levels and vault maps discovered:
D:1:      psy_arrival_whirlpool, layout_loops_ring,
          hellmonk_ecumenical_altar_watching_god
D:2:      layout_basic, serial_shops, nicolae_shop_statue_plus,
          minmay_quadrilaterals, uniq_robin
D:3:      layout_loops_ring, hangedman_decor_clover_reticule, uniq_jessica
D:4:      layout_loops_ring
D:5:      layout_basic, uniq_sigmund

Skill      XL: |  1  2  3  4  5  6 |
---------------+-------------------+-----
Stealth        | 3 4 5 |  5.6
Spellcasting   | 3 |  3.4
Short Blades   | 1 2 |  2.1
Dodging        | 3 |  3.3
Summonings     | 5 |  5.1
Fighting       | 1 |  1.4

Action                   |  1- 3 |  4- 6 || total
-------------------------+-------+-------++-------
Melee: Unarmed           |    36 |       ||    36
       Dagger            |    55 |    86 ||   141
       Punch             |     1 |       ||     1
 Cast: Summon Small Mamm |     9 |       ||     9
       Call Imp          |     9 |     3 ||    12
       Call Canine Famil |       |     6 ||     6
  Use: Scroll            |     3 |     5 ||     8
       Potion            |       |     1 ||     1
 Stab: Distracted        |     2 |       ||     2
       Sleeping          |     5 |    17 ||    22
Armor: Robe              |    17 |    18 ||    35
Dodge: Dodged            |    80 |    47 ||   127

Table legend: (Time is in decaauts)
 A = Elapsed time spent in this place.
 B = Non-inter-level travel time spent in this place.
 C = Inter-level travel time spent in this place.
 D = Time resting spent in this place.
 E = Time spent auto-exploring this place.
 F = Levels seen in this place.
 G = Mean time per level.
                   A        B        C        D        E       F      G
               +--------+--------+--------+--------+--------+-----+--------+
         Total |   3858 |   3551 |    307 |     11 |   2827 |   5 |  771.6 |
       Dungeon |   3858 |   3551 |    307 |     11 |   2827 |   5 |  771.6 |
               +--------+--------+--------+--------+--------+-----+--------+

Top non-repeatable levels by time:
     D:2: 1262 daAuts
     D:1: 1165 daAuts
     D:3: 723 daAuts
     D:4: 637 daAuts
     D:5: 70 daAuts
